 Dungeon Sprint DCSS version 0.17.0-56-gd8de76c (webtiles) character file.

157 kosy22 the Ducker (level 5, -1/57 HPs)
             Began as a Troll Fighter on Dec 5, 2015.
             Was a Believer of Qazlal.
             Killed from afar by a lindwurm (20 damage)
             ... with a blast of flame
             ... in the Dungeon (Sprint VII: "The Pits").
             The game lasted 00:01:46 (321 turns).

kosy22 the Ducker (Troll Fighter)                    Turns: 321, Time: 00:01:46

Health: -1/57      AC:  5    Str: 25    XL:     5   Next: 15%
Magic:  4/4        EV: 10    Int:  4    God:    Qazlal [**....]
Gold:   0          SH: 13    Dex:  9    Spells: 0 memorised, 4 levels left

rFire  . . .     SeeInvis .       - Unarmed
rCold  . . .     Clarity  .     a - +0 robe
rNeg   . . .     SustAt   .     b - +0 shield
rPois  .         Gourm    +     (helmet restricted)
rElec  .         Spirit   .     (no cloak)
rCorr  .         Warding  .     (gloves unavailable)
rMut   .         NoTele   +     (boots unavailable)
MR     .....                    (no amulet)
Stlth  +.........               (no ring)
                                (no ring)

@: not resistant to hostile enchantments, very unstealthy
A: unfitting armour, claws 3, fast metabolism 3, gourmand, regeneration 2,
shaggy fur 1, tough skin 2
a: Upheaval, Renounce Religion


You were in the Dungeon.
You worshipped Qazlal.
Qazlal was pleased with you.
You were not hungry.

You visited 1 branch

Inventory:

Armour
 a - a +0 robe (worn)
 b - a +0 shield (worn)
Magical Staves
 q - an uncursed staff of energy
Scrolls
 j - a scroll of blinking
 n - 3 scrolls of remove curse
 o - 5 scrolls of amnesia
 p - a scroll of summoning
Potions
 c - a potion of might
 e - 6 potions of curing
 f - 6 potions of heal wounds
 g - a potion of haste
 h - 4 potions of magic
 i - 3 potions of berserk rage
 m - 2 potions of invisibility
Comestibles
 d - 9 bread rations
 k - 40 fruits
 l - 7 meat rations


   Skills:
 + Level 5.3 Fighting
 + Level 5.3 Dodging
 + Level 5.3 Shields
 + Level 3.9 Unarmed Combat


You had 4 spell levels left.
You didn't know any spells.

Dungeon Overview and Level Annotations

Branches:
Dungeon (1/1)

Altars:
Ashenzari
Cheibriados
Dithmenos
Elyvilon
Fedhas
Gozag
Kikubaaqudgha
Makhleb
Nemelex Xobeh
Okawaru
Qazlal
Ru
Sif Muna
Trog
Vehumet
Xom
Yredelemnul
Zin
The Shining One
Beogh
Jiyva
Lugonu

Annotations:
D Prince Ribbit


Innate Abilities, Weirdness & Mutations

You are too large for most types of armour.
You have claws for hands.
Your metabolism is lightning-fast.
You like to eat raw meat.
You heal very quickly.
You are covered in fur (AC +1).
You have very tough skin (AC +2).


Message History

As you open the gate, it creaks loudly!
A lindwurm, a sky beast and Prince Ribbit come into view.
The lindwurm roars!
Prince Ribbit gives a loud, deep croak!
The lindwurm breathes flames at you. The blast of flame hits you!
There is an open gate here.
Prince Ribbit lets out a mournful croak.
You block Prince Ribbit's attack.
Prince Ribbit hops awkwardly around.
Prince Ribbit hits you.
You scratch the sky beast but do no damage.
You block Prince Ribbit's attack. Prince Ribbit hits you.
You completely miss the sky beast. You block the sky beast's attack.
Prince Ribbit hits you.
You scratch the sky beast.
The sky beast is moderately wounded.
You block the sky beast's attack. Prince Ribbit hits you!
The lindwurm breathes flames at you. The blast of flame hits you!
You die...

..#..##................#
.......
..†..#####'#####''######
#######
###'###.......##''#
.....##.......##..#
.....##.......##..#
#'#####...<...##..####
)))[.##.......##..#..###
)))§.##.......##.k#....##
#######.......##@Y'.....#
##########.F'.....+
#..'.....# #..#....##
#..#..### #..#### #..#
#..# ####


You could see a lindwurm, Prince Ribbit and a sky beast.

Vanquished Creatures
  2 brain worms (D)
  An adder (D)
  A giant eyeball (D)
  2 ufetubi (D)
  An orc (D)
  A goblin (D)
  2 kobolds (D)
10 creatures vanquished.

Notes
Turn   | Place    | Note
--------------------------------------------------------------
     0 | D        | kosy22 the Troll Fighter began the quest for the Orb.
     0 | D        | Reached XP level 1. HP: 22/22 MP: 0/0
    47 | D        | Found a sacrificial altar of Ru.
    47 | D        | Found a basalt altar of Yredelemnul.
    47 | D        | Found a shadowy altar of Dithmenos.
    47 | D        | Found a deep blue altar of Sif Muna.
    47 | D        | Found a burning altar of Makhleb.
    47 | D        | Found a shimmering altar of Xom.
    47 | D        | Found an ancient bone altar of Kikubaaqudgha.
    47 | D        | Found a sparkling altar of Nemelex Xobeh.
    48 | D        | Found a glowing golden altar of the Shining One.
    48 | D        | Found a bloodstained altar of Trog.
    48 | D        | Found a shattered altar of Ashenzari.
    48 | D        | Found a white marble altar of Elyvilon.
    48 | D        | Found a snail-covered altar of Cheibriados.
    48 | D        | Found a blossoming altar of Fedhas.
    48 | D        | Found a radiant altar of Vehumet.
    48 | D        | Found a glowing silver altar of Zin.
    48 | D        | Found a corrupted altar of Lugonu.
    48 | D        | Found a viscous altar of Jiyva.
    48 | D        | Found a roughly hewn altar of Beogh.
    48 | D        | Found an iron altar of Okawaru.
    54 | D        | Found a stormy altar of Qazlal.
    54 | D        | Found an opulent altar of Gozag.
    72 | D        | Became a worshipper of Qazlal Stormbringer
   110 | D        | Reached skill level 3 in Fighting
   114 | D        | Noticed a brain worm
   122 | D        | Lost intelligence.
   124 | D        | Killed a brain worm
   124 | D        | Reached * piety under Qazlal
   124 | D        | Reached skill level 4 in Fighting
   124 | D        | Reached XP level 2. HP: 29/33 MP: 1/1
   124 | D        | Reached XP level 3. HP: 35/40 MP: 2/2
   124 | D        | Reached XP level 4. HP: 42/49 MP: 3/3
   150 | D        | Noticed a brain worm
   151 | D        | Paralysed by a giant eyeball for 2 turns
   157 | D        | Reached ** piety under Qazlal
   162 | D        | Killed a brain worm
   162 | D        | Reached skill level 5 in Fighting
   162 | D        | Reached skill level 5 in Dodging
   162 | D        | Reached skill level 5 in Shields
   162 | D        | Reached XP level 5. HP: 51/57 MP: 4/4
   313 | D        | Noticed a lindwurm
   313 | D        | Noticed Prince Ribbit
   313 | D        | Noticed a sky beast
   321 | D        | Killed from afar by a lindwurm

Action                   |  1- 3 |  4- 6 || total
-------------------------+-------+-------++-------
Melee: Unarmed           |    14 |    19 ||    33
